 Dungeon Sprint DCSS version 0.27-a0-1139-g28e009f8a6 (webtiles) character file.

Game seed: 1464106527741390665

491 Zeld the Arsonist (level 7, -4/49 HPs)
             Began as an Octopode Fire Elementalist on May 8, 2021.
             Was a Believer of Sif Muna.
             Slain by a wizard
             ... wielding a staff of earth
              (20 damage)
             ... in the Dungeon (Sprint V: "Ziggurat Sprint").
             The game lasted 00:02:01 (965 turns).

Zeld the Arsonist (Octopode Fire Elementalist)       Turns: 965, Time: 00:02:02

Health: -4/49      AC:  1    Str:  7      XL:     7   Next: 14%
Magic:  15/15      EV: 14    Int: 16 (19) God:    Sif Muna [**....]
Gold:   0          SH:  0    Dex: 13      Spells: 4/17 levels left

rFire    . . .     SeeInvis .   (no weapon)
rCold    . . .     Faith    .   (no shield)
rNeg     . . .     Spirit   .   (helmet restricted)
rPois    .         Reflect  .   (no amulet)
rElec    .         Harm     .   (no ring)
rCorr    .         Rampage  .   (no ring)
Will     .....     NoTele   +   (no ring)
Stlth    +++.......             (no ring)
HPRegen  0.16/turn              (no ring)
MPRegen  0.14/turn              (no ring)
                                (no ring)
                                (no ring)

@: channeling, very slightly contaminated
A: almost no armour, amphibious, 8 rings, camouflage 1, gelatinous body 1,
(nimble swimmer 1), tentacles
a: Renounce Religion, Channel Magic


You were in the Dungeon.
You worshipped Sif Muna.
Sif Muna was pleased with you.
You visited 1 branch

Inventory:

Armour
 w - a +3 tower shield
Jewellery
 q - a +6 ring of intelligence
 r - a +6 ring of intelligence
Wands
 t - a wand of mindburst (7)
 u - a wand of iceblast (3)
 v - a wand of acid (7)
Scrolls
 g - 4 scrolls of blinking
 l - 4 scrolls of amnesia
 m - 7 scrolls of fog
 n - a scroll of holy word
 o - 5 scrolls of identify
 p - 2 scrolls of fear
Potions
 a - 2 potions of brilliance
 b - 10 potions of curing
 c - 10 potions of heal wounds
 d - 6 potions of haste
 e - 7 potions of magic
 f - 3 potions of berserk rage
 h - 2 potions of invisibility
 i - 4 potions of resistance
 k - 5 potions of might
Miscellaneous
 j - a lightning rod (3/4)
 s - a lightning rod (3/4)
 x - a box of beasts
 y - a tin of tremorstones (2/2)


   Skills:
 + Level 4.3 Fighting
 + Level 4.9 Dodging
 - Level 2.6 Stealth
 + Level 5.8 Spellcasting
 + Level 6.0 Conjurations
 * Level 9.0 Fire Magic
 * Level 7.2 Invocations


You had 4 spell levels left.
You knew the following spells:

 Your Spells              Type           Power      Damage    Failure   Level
a - Foxfire               Conj/Fire      100%       2x1d9     1%          1
b - Conjure Flame         Conj/Fire      28%        6-21      1%          3
c - Sticky Flame          Conj/Fire      28%        2d5       6%          4
d - Fireball              Conj/Fire      14%        3d8       17%         5

Your spell library contained the following spells:

 Spells                   Type           Power      Damage    Failure   Level
 Shock                    Conj/Air       56%        1d6       4%          1
 Inner Flame              Hex/Fire       19%        N/A       6%          3
 Mephitic Cloud           Conj/Pois/Air  11%        N/A       19%         3
 Iron Shot                Conj/Erth      7%         9d2       99%         6
 Spellforged Servitor     Conj/Summ      7%         N/A       100%        7


Dungeon Overview and Level Annotations

Branches:
Dungeon (1/1)

Altars:
Ashenzari
Cheibriados
Dithmenos
Elyvilon
Fedhas
Gozag
Hepliaklqana
Kikubaaqudgha
Makhleb
Nemelex Xobeh
Okawaru
Qazlal
Ru
Sif Muna
Trog
Uskayaw
Vehumet
Wu Jian
Xom
Yredelemnul
Zin
The Shining One
Beogh
Jiyva
Lugonu

Annotations:
D 1 transporter


Innate Abilities, Weirdness & Mutations

You cannot wear most types of armour.
You are amphibious.
You can wear up to eight rings at the same time.
Your skin changes colour to match your surroundings (Stealth+).
Your rubbery body absorbs attacks. (AC +1, EV +1)
((You are camouflaged near water. (Stealth+)))
You have tentacles for arms and can constrict up to eight enemies at once.


Message History

Confirm with . or Enter, or press ? or * to list all spells.
The spell is quite dangerous to cast (14% risk of failure)!
Continue anyway?
Aiming: Fireball (quite dangerous; 14% risk of failure)
Press: ? - help, Shift-Dir - straight line, p - wizard
Okay, then.
Aiming: Thunderbolt
Press: ? - help, Shift-Dir - straight line, p - wizard The thunderbolt hits the ironbound convoker!
The ironbound convoker is lightly wounded.
The thunderbolt hits the yaktaur.
The yaktaur is lightly wounded.
The thunderbolt hits the wizard!
The wizard is heavily wounded.
The soul eater is recalled.
The glowing orange brain is recalled.
The ice devil is recalled.
The white imp is recalled.
The phantom is recalled.
The wizard hits you with a staff of earth!
The wizard shatters you.
An ice devil comes into view.
A glowing orange brain comes into view.
The glowing orange brain pulsates.
You feel dopey. Something feeds on your intellect!
A white imp comes into view.
The white imp gestures at you. The puff of frost hits you.
A soul eater comes into view.
A phantom comes into view.
Aiming: Iceblast
Press: ? - help, Shift-Dir - straight line, f - wizard
Aim: a wizard, wielding a +0 dagger and wearing a +0 robe (moderately wounded)
The mass of ice explodes!
The iceblast engulfs the phantom.
The phantom partially resists.
The phantom is moderately damaged.
The iceblast engulfs the wizard!
The wizard is heavily wounded.
The iceblast engulfs the yaktaur!
The yaktaur is heavily wounded.
The iceblast engulfs the wizard!
The wizard is almost dead.
The wizard hits you with a staff of earth.
The wizard shatters you!!
You die...

▓..©..▓..©..▓▓▓▓▓▓▓
▓▓▓▓▓▓▓▓▓▓▓▓▓▓
▓..8©8G..▓
▓...)[.5.▓
▓.4.p....▓
▓........▓
.pWc3...▓
▓.▓.p..▓.▓
▓...@....▓
▓▓▓▓▓▓▓▓▓▓


You could see a soul eater, a glowing orange brain, an ironbound convoker
(catching breath), a yaktaur, an ice devil, 2 wizards, a phantom and a white
imp.

Vanquished Creatures
  A jumping spider (D)
  A naga (D)
  A scorpion (D)
  3 jellies (D)
  2 adders (D)
  A ball python (D)
9 creatures vanquished.

Notes
Turn   | Place    | Note
-------+----------+-------------------------------------------
     0 | D        | Zeld the Octopode Fire Elementalist began the quest for the
                  | Orb.
     0 | D        | Reached XP level 1. HP: 11/11 MP: 3/3
     0 | D        | Found a shimmering blue altar of Sif Muna.
     0 | D        | Found a sacrificial altar of Ru.
     0 | D        | Found a bloodstained altar of Trog.
     0 | D        | Found a stormy altar of Qazlal.
     0 | D        | Found an iron altar of Okawaru.
     0 | D        | Found a sparkling altar of Nemelex Xobeh.
     0 | D        | Found a blossoming altar of Fedhas.
     1 | D        | Found the +6 Majin-Bo {vamp, MP+6 Int+6}
     1 | D        | Found the +9 heavy crossbow "Sniper" {vorpal, Acc+∞ SInv}
     1 | D        | Found the +10 dark maul {vorpal}
     1 | D        | Found the +15 Maxwell's patent armour {-Cast -Tele rElec
                  | Will+ rCorr}
     1 | D        | Found the +18 shield of the Gong {rElec rN+ Will+ EV-5}
     1 | D        | Found the +14 obsidian axe {vorpal, Drain Fly SInv}
     1 | D        | Found the +7 great mace "Firestarter" {inner flame, rF++}
     1 | D        | Found the +6 shillelagh "Devastator" {shatter}
     1 | D        | Found the +11 plutonium sword {Contam Stlth-}
     1 | D        | Found the +8 lance "Wyrmbane" {slay drac, rPois rF+ rC+
                  | AC+3}
     1 | D        | Found the +9 sword of Zonguldrok {reap}
     1 | D        | Found the +13 scythe of Curses {drain, Drain}
     1 | D        | Found the +5 sword of Power {vorpal}
     1 | D        | Found the +7 mace of Variability {chain chaos}
     1 | D        | Found the +7 Singing Sword {vorpal, sonic wave}
     1 | D        | Found the +8 storm bow {elec, penet}
     2 | D        | Found a transporter.
     2 | D        | Found an ancient bone altar of Kikubaaqudgha.
     2 | D        | Found a viscous altar of Jiyva.
     2 | D        | Found a corrupted altar of Lugonu.
     2 | D        | Found a hazy altar of Hepliaklqana.
     2 | D        | Found a burning altar of Makhleb.
     2 | D        | Found an opulent altar of Gozag.
    40 | D        | Became a worshipper of Sif Muna the Loreminder
    41 | D        | Reached skill level 6 in Fire Magic
    41 | D        | Reached XP level 2. HP: 17/17 MP: 3/6
   116 | D        | Entered arena 2.
   116 | D        | Noticed a jumping spider
   116 | D        | Noticed a scorpion
   116 | D        | Found a transporter.
   118 | D        | Killed a scorpion
   119 | D        | Reached skill level 1 in Fighting
   119 | D        | Reached XP level 3. HP: 23/23 MP: 6/8
   119 | D        | Reached XP level 4. HP: 28/28 MP: 7/10
   120 | D        | Killed a jumping spider
   121 | D        | Reached skill level 5 in Spellcasting
   121 | D        | Reached skill level 5 in Conjurations
   121 | D        | Reached skill level 8 in Fire Magic
   121 | D        | Reached skill level 5 in Invocations
   121 | D        | Reached XP level 5. HP: 36/36 MP: 7/12
   121 | D        | Reached XP level 6. HP: 42/42 MP: 7/13
   129 | D        | Learned a level 3 spell: Conjure Flame
   134 | D        | Learned a level 4 spell: Sticky Flame
   140 | D        | Learned a level 5 spell: Fireball
   343 | D        | Entered arena 3.
   343 | D        | Found a transporter.
   346 | D        | Reached * piety under Sif Muna
   419 | D        | Got the Reference Book on Conjuration
   503 | D        | Entered arena 4.
   503 | D        | Noticed a naga
   503 | D        | Found a transporter.
   504 | D        | Reached ** piety under Sif Muna
   509 | D        | Killed a naga
   510 | D        | Reached skill level 9 in Fire Magic
   510 | D        | Reached XP level 7. HP: 10/49 MP: 11/15
   960 | D        | Entered arena 5.
   960 | D        | Noticed a wizard
   960 | D        | Noticed an ironbound convoker
   960 | D        | Noticed a yaktaur
   960 | D        | Noticed a wizard
   960 | D        | Found a transporter.
   961 | D        | Identified the +5 great mace of Gexkocigh {vorpal, Int+3}
   964 | D        | Noticed an ice devil
   964 | D        | Noticed a soul eater
   965 | D        | Noticed a glowing orange brain
   965 | D        | Slain by a wizard

Illustrated notes

Levels and vault maps discovered:
D:        sprint_v [room_start, room_1, room_2, room_3, room_4, room_5, room_6,
          room_7, room_8, room_9, room_10, room_11, room_12, room_13, room_14,
          room_15, room_16, room_17, room_18, room_19, room_20, room_21,
          room_22, room_23, room_24, room_25, room_26, room_27]

Skill      XL: |  1  2  3  4  5  6 |
---------------+-------------------+-----
Spellcasting   | 3 4 5 |  5.8
Conjurations   | 3 4 5 6 |  6.0
Fire Magic     | 6 8 9 |  9.0
Fighting       | 1 3 4 |  4.3
Invocations    | 2 5 7 |  7.2
Dodging        | 4 |  4.9
Stealth        | |  2.6

Action                   |  1- 3 |  4- 6 |  7- 9 || total
-------------------------+-------+-------+-------++-------
 Cast: Fireball          |       |     3 |     1 ||     4
Invok: Channel Magic     |       |     1 |     1 ||     2
Evoke: Wand              |     2 |     1 |     1 ||     4
       Lightning rod     |       |     3 |     1 ||     4
  Use: Potion            |     1 |       |       ||     1

Table legend: (Time is in decaauts)
 A = Elapsed time spent in this place.
 B = Non-inter-level travel time spent in this place.
 C = Inter-level travel time spent in this place.
 D = Time resting spent in this place.
 E = Time spent auto-exploring this place.
 F = Levels seen in this place.
 G = Mean time per level.
                   A        B        C        D        E       F      G
               +--------+--------+--------+--------+--------+-----+--------+
         Total |    965 |    965 |      0 |    844 |     15 |   1 |  965.0 |
       Dungeon |    965 |    965 |      0 |    844 |     15 |   1 |  965.0 |
               +--------+--------+--------+--------+--------+-----+--------+

Top non-repeatable levels by time:
       D: 965 daAuts
